 Dungeon Crawl Stone Soup version 0.29.1-12-g30fa7ad0bf (webtiles) character file.

Game seed: 223679919011721284

107 cheesebisquit the Cudgeller (level 4, -5/40 HPs)
             Began as a Minotaur Berserker on Dec 23, 2022.
             Was a Follower of Trog.
             Slain by Sigmund
             ... wielding a +4 scythe of venom
              (11 damage)
             ... on level 2 of the Dungeon.
             The game lasted 00:06:07 (1043 turns).

cheesebisquit the Cudgeller (Minotaur Berserker)    Turns: 1043, Time: 00:06:08

Health: -5/40      AC:  8    Str: 23    XL:     4   Next: 56%
Magic:  3/3        EV:  8    Int:  4    God:    Trog [*.....]
Gold:   91         SH:  0    Dex: 10    Spells: 3/3 levels left

rFire   . . .      SeeInvis .   a - +0 mace
rCold   . . .      Faith    .   (no shield)
rNeg    . . .      Spirit   .   g - +0 chain mail
rPois   .          Reflect  .   (helmet restricted)
rElec   .          Harm     .   (no cloak)
rCorr   .          Rampage  .   (no gloves)
Will    .....                   (no boots)
Stlth   ..........              (no amulet)
HPRegen 0.13/turn               (no ring)
MPRegen 0.08/turn               (no ring)

@: confused, lethally poisoned (-5 -> -23), on berserk cooldown, slowed, very
slow
A: horns 2, retaliatory headbutt
a: Renounce Religion, Berserk


You were on level 2 of the Dungeon.
You worshipped Trog.
Trog was aware of your devotion.
You visited 1 branch of the dungeon, and saw 2 of its levels.

You collected 91 gold pieces.

Inventory:

Hand Weapons
 a - a +0 mace (weapon)
Missiles
 f - 27 stones (quivered)
Armour
 b - a +0 animal skin
 e - a +0 leather armour
 g - a +0 chain mail (worn)
Scrolls
 c - 2 scrolls of identify {unknown}
 d - 2 scrolls of teleportation {unknown}
 h - 2 scrolls of enchant weapon {unknown}
 m - a scroll of immolation {unknown}
Potions
 j - a potion of curing {unknown}
 k - a potion of flight {unknown}
 l - a potion of might {unknown}


   Skills:
 - Level 3.8 Fighting
 + Level 6.2 Maces & Flails
 - Level 2.7 Armour
 - Level 2.4 Dodging


You had 3 spell levels left.
You didn't know any spells.
Your spell library was empty.

Dungeon Overview and Level Annotations

Branches:
Dungeon (2/15)

Altars:

Annotations:
D:2 Sigmund


Innate Abilities, Weirdness & Mutations

You have a pair of horns on your head.
You reflexively headbutt those who attack you in melee.


Message History

You are exhausted.
You feel yourself slow down.
You see here a +0 dagger.
You start resting.
Sigmund is nearby!
Sigmund casts a spell at you. The puff of flame misses you.
You see here a +0 dagger.
Okay, then.
An adder comes into view.
Sigmund hits you with a +4 scythe of venom.
You are poisoned.
You sock Sigmund!
Sigmund is moderately wounded.
You feel very sick.
Sigmund's eyes start glowing with a red light.
Sigmund hits you with a +4 scythe of venom!
You are lethally poisoned!
A worm comes into view.
Okay, then.
Okay, then.
You hit Sigmund.
Sigmund is heavily wounded.
* * * LOW HITPOINT WARNING * * *
You feel extremely sick.
Sigmund hits you with a +4 scythe of venom.
* * * LOW HITPOINT WARNING * * *
Sigmund casts a spell at you.
You are confused.
It was a potion of heal wounds.
You feel much better.
You feel very sick. The adder bites you. Sigmund closely misses you.
Sigmund attacks as you move away!
Sigmund hits you with a +4 scythe of venom!
You are lethally poisoned!
* * * LOW HITPOINT WARNING * * *
You feel extremely sick. The adder barely misses you.
Sigmund hits you from afar with a +4 scythe of venom!
You die...

.. ............
...$...#........
#.#..#.#.w......
#..#.#..........
#.#............
#####...?..........
#...........†......
#..........S@......
#.........@.#......
#.......).#........
#.........#####....
######.#.# ...
#†..# # ..
#...##... .
###........
######.....#####
#......##.##
#.......


You could see Sigmund, a worm and an adder.

Vanquished Creatures
  Natasha (twice) (D:1)
  Robin (D:1)
  2 adders (D:2)
  2 ball pythons (D:1)
  A bat (D:2)
  An endoplasm (D:1)
  11 goblins
  A hobgoblin (D:1)
  A frilled lizard (D:1)
  5 kobolds
  A rat (D:1)
28 creatures vanquished.

Notes
Turn   | Place    | Note
-------+----------+-------------------------------------------
     0 | D:1      | cheesebisquit the Minotaur Berserker began the quest for
                  | the Orb.
     0 | D:1      | Reached XP level 1. HP: 19/19 MP: 0/0
   364 | D:1      | Found a faded altar of an unknown god.
   366 | D:1      | Reached XP level 2. HP: 27/27 MP: 1/1
   627 | D:2      | Noticed Natasha
   628 | D:2      | Noticed Robin
   629 | D:2      | Noticed a crimson imp
   640 | D:1      | Killed Natasha
   641 | D:1      | Reached skill level 4 in Maces & Flails
   641 | D:1      | Reached XP level 3. HP: 33/33 MP: 2/2
   657 | D:1      | Noticed Natasha
   662 | D:1      | Killed Natasha
   663 | D:1      | Reached skill level 5 in Maces & Flails
   843 | D:2      | Reached XP level 4. HP: 40/40 MP: 3/3
   942 | D:1      | Killed Robin
  1025 | D:2      | Reached skill level 6 in Maces & Flails
  1032 | D:2      | Noticed Sigmund
  1043 | D:2      | Slain by Sigmund

Illustrated notes

Levels and vault maps discovered:
D:1:      tarquinn_simple_flora_water_b, layout_rooms,
          shapermc_ecumenical_altar_venn, minmay_misc_feat_secret_circle,
          serial_park_tiny_1
D:2:      minmay_evil_eye, layout_rooms, serial_shops, nicolae_shop_stone,
          uniq_robin, uniq_sigmund, uniq_natasha

Skill      XL: |  1  2  3  4 |
---------------+-------------+-----
Maces & Flails | 4 5 6 |  6.2
Fighting       | |  3.8
Armour         | |  2.7
Dodging        | |  2.4

Action                   |  1- 3 |  4- 6 || total
-------------------------+-------+-------++-------
Melee: Mace              |    26 |    24 ||    50
       Headbutt          |     4 |     3 ||     7
Invok: Berserk           |     2 |     2 ||     4
  Use: Potion            |       |     1 ||     1
Armor: Animal skin       |     1 |       ||     1
       Chain mail        |    26 |    21 ||    47
Dodge: Dodged            |    18 |    13 ||    31
